 Dungeon Crawl Stone Soup version 0.28.0-45-g0d030f2227 (webtiles) character file.

Game seed: 9359986754911538581

2349 hawla the Conjurer (level 9, -9/74 HPs)
             Began as a Yellow Draconian Conjurer on Apr 17, 2022.
             Was an Initiate of Vehumet.
             Mangled by a death yak (10 damage)
             ... on level 8 of the Dungeon.
             The game lasted 00:20:51 (8770 turns).

hawla the Conjurer (Yellow Draconian Conjurer)      Turns: 8770, Time: 00:20:52

Health: -9/74      AC: 17    Str:  9 (10) XL:     9   Next: 20%
Magic:  2/16       EV: 12    Int: 24 (25) God:    Vehumet [......]
Gold:   601        SH:  5    Dex: 11 (12) Spells: 8/18 levels left

rFire   . . .      SeeInvis .   a - +5 dagger
rCold   . . .      Faith    .   (no shield)
rNeg    . . .      Spirit   .   (armour unavailable)
rPois   .          Reflect  +   (helmet restricted)
rElec   .          Harm     .   n - +0 cloak
rCorr   +          Rampage  .   j - +0 pair of gloves
Will    .....                   (no boots)
Stlth   +++.......              b - amulet "Dicutat" {Reflect Int+3 SH+5}
HPRegen 0.22/turn               (no ring)
MPRegen 0.15/turn               (no ring)

@: ice-armoured, short of breath, hasted, very quick
A: spit acid, AC +7, unfitting armour, cold-blooded, acid resistance, thin
skeletal structure 1, deterioration 1, evolution 1
a: Breathe Acid, Renounce Religion


You were on level 8 of the Dungeon.
You worshipped Vehumet.
Vehumet was noncommittal.
You visited 2 branches of the dungeon, and saw 9 of its levels.

You collected 601 gold pieces.

Inventory:

Hand Weapons
 a - a +5 dagger (weapon)
 v - a +2 dagger of venom
Missiles
 e - 3 poisoned darts
 i - 6 boomerangs
Armour
 j - a +0 pair of gloves (worn)
 n - a +0 cloak (worn)
Magical Staves
 q - a staff of earth
Jewellery
 b - the amulet "Dicutat" (around neck) {Reflect Int+3 SH+5}
   (You found it on level 2 of the Dungeon)

   [amulet of reflection]

   It reflects blocked missile attacks.
   Int:       It affects your intelligence (+3).
   SH:        It affects your SH (+5).
 r - an amulet of guardian spirit
Wands
 d - a wand of flame (28)
 k - a wand of polymorph (5)
 x - a wand of digging (4)
 y - a wand of mindburst (6)
Scrolls
 p - a scroll of amnesia
 s - a scroll of enchant weapon
Potions
 f - 2 potions of ambrosia {unknown}
 o - a potion of attraction {unknown}
 z - a potion of mutation
 A - a potion of lignification {unknown}


   Skills:
 + Level 5.4 Fighting
 - Level 1.0 Throwing
 - Level 3.0 Dodging
 - Level 2.0 Stealth
 - Level 5.0 Spellcasting
 - Level 7.0 Conjurations
 - Level 2.0 Translocations
 - Level 7.0 Ice Magic
 - Level 1.0 Evocations


You had 8 spell levels left.
You knew the following spells:

 Your Spells              Type           Power      Damage    Failure   Level
a - Magic Dart            Conj           100%       1d8       1%          1
b - Searing Ray           Conj           78%        2d7       1%          2
c - Iskenderun's Mystic   Conj/Tloc      27%        2d7       14%         4
d - Ozocubu's Armour      Ice            39%        N/A       1%          3

Your spell library contained the following spells:

 Spells                   Type           Power      Damage    Failure   Level
 Blink                    Tloc           30%        N/A       6%          2
 Dazzling Flash           Conj/Hex       44%        N/A       6%          3
 Summon Small Mammal      Summ           24%        N/A       9%          1
 Fulminant Prism          Conj/Hex       11%        3d9       21%         4
 Call Canine Familiar     Summ           6%         N/A       26%         3
 Summon Guardian Golem    Hex/Summ       6%         N/A       26%         3
 Manifold Assault         Tloc           15%        N/A       71%         5
 Ozocubu's Refrigeration  Ice            19%        4d8       99%         7
 Storm Form               Tmut/Air       3%         N/A       100%        7


Dungeon Overview and Level Annotations

Branches:
Dungeon (8/15)             Temple (1/1) D:6
   Lair: D:8-11

Altars:
Ashenzari
Cheibriados
Dithmenos
Elyvilon
Fedhas
Gozag
Hepliaklqana
Kikubaaqudgha
Makhleb
Nemelex Xobeh
Okawaru
Ru
Sif Muna
Trog
Uskayaw
Vehumet
Wu Jian
Xom
Yredelemnul
Zin
The Shining One

Shops:
D:1 (

Annotations:
D:8 Maurice


Innate Abilities, Weirdness & Mutations

You can spit globs of acid.
Your golden yellow scales are hard. (AC +7)
You cannot fit into any form of body armour.
You are cold-blooded and may be slowed by cold attacks.
You are resistant to acid. (rCorr)
You have a somewhat thin skeletal structure. (Dex +2, Stealth+)
Your body sometimes deteriorates upon taking damage.
You have hidden genetic potential.


Message History

* * * LOW HITPOINT WARNING * * *
Unknown command.
You hit the death yak.
The death yak is heavily wounded.
The death yak gores you but does no damage.
You barely miss the death yak. You tail-slap the death yak.
The death yak is heavily wounded.
The death yak is no longer covered in acid.
The death yak gores you!
* * * LOW HITPOINT WARNING * * *
You feel better. The death yak barely misses you.
Casting: Searing Ray (safe; 1% risk of failure)
Confirm with . or Enter, or press ? or * to list all spells.
Okay, then.
You hit the death yak.
You tail-slap the death yak, but do no damage.
The death yak is heavily wounded.
The death yak gores you but does no damage.
Okay, then.
Okay, then.
Aiming: Throw Flame
Press: ? - help, Shift-Dir - straight line, f/p - death yak
Aim: a death yak (heavily wounded, 89% to hit)
The puff of flame hits the death yak.
The death yak is heavily wounded.
You block the death yak's attack.
Aiming: Mindburst
Press: ? - help, Shift-Dir - straight line, f/p - death yak
Aim: a death yak (heavily wounded, chance to affect: 9%)
The death yak resists with almost no effort.
The death yak gores you but does no damage.
Aiming: Mindburst
Press: ? - help, Shift-Dir - straight line, f/p - death yak
Aim: a death yak (heavily wounded, chance to affect: 9%)
The death yak resists with almost no effort.
The death yak gores you!
* * * LOW HITPOINT WARNING * * *
Unknown command.
You feel yourself speed up. The death yak gores you!
You die...

############
#..!.>......
###.@###### ... #.Y#
#.# #.#####..# #.#
#.....#..# #.#
##....########.#
#............#.# .Y
#.###.######Y#.### ..#
##.# #.# #.#...##.#
#..###.######..###ยง.{#


You could see a death yak.

Vanquished Creatures
  Prince Ribbit (D:5)
  Grinder (D:4)
  A wyvern (D:6)
  An ice beast (D:7)
  Duvessa (D:5)
  A black bear (D:6)
  An ogre (D:4)
  A centaur (D:8)
  A phantom (D:6)
  A bullfrog (D:6)
  3 scorpions
  Dowan (D:5)
  A vampire bat (D:5)
  2 centaur zombies (D:5)
  2 bullfrog zombies
  2 orc priests
  A gnoll shaman (D:6)
  5 hounds
  3 jellies (D:6)
  A bullfrog skeleton (D:5)
  2 iguanas
  Natasha (D:4)
  3 orc wizards (D:7)
  Ijyb (D:6)
  A howler monkey skeleton (D:5)
  6 adders
  5 gnolls
  A worm (D:2)
  3 dart slugs
  3 fire bats (D:5)
  13 orcs
  2 spectral bats (D:5)
  15 bats
  3 bat skeletons (D:5)
  A bat zombie (D:5)
  9 endoplasms
  2 giant cockroaches
  5 goblins
  4 hobgoblins
  3 jackals (D:2)
  7 kobolds
  7 quokkas
  5 ball pythons
  A bat simulacrum (D:5)
  4 frilled lizards
  8 rats
146 creatures vanquished.

Vanquished Creatures (others)
  4 toadstools (D:3)
4 creatures vanquished.

Grand Total: 150 creatures vanquished

Notes
Turn   | Place    | Note
-------+----------+-------------------------------------------
     0 | D:1      | hawla the Draconian Conjurer began the quest for the Orb.
     0 | D:1      | Reached XP level 1. HP: 14/14 MP: 3/3
   220 | D:1      | Reached XP level 2. HP: 22/22 MP: 1/5
   223 | D:1      | Learned a level 2 spell: Searing Ray
   624 | D:1      | You fall into a shaft and drop 1 floor!
   628 | D:2      | Reached skill level 1 in Fighting
   693 | D:2      | Identified the amulet "Dicutat" {Reflect Int+3 SH+5}
   696 | D:2      | Reached skill level 1 in Translocations
   830 | D:2      | Reached XP level 3. HP: 26/28 MP: 1/6
  1195 | D:1      | Found a faded altar of an unknown god.
  1650 | D:1      | Found Eczof's Antique Weapon Boutique.
  2167 | D:3      | Reached XP level 4. HP: 35/35 MP: 8/8
  2704 | D:3      | Reached skill level 1 in Throwing
  2711 | D:3      | Learned a level 4 spell: Iskenderun's Mystic Blast
  2827 | D:3      | Reached XP level 5. HP: 36/41 MP: 6/9
  3224 | D:4      | Noticed Grinder
  3237 | D:4      | Killed Grinder
  3238 | D:4      | Reached XP level 6. HP: 32/48 MP: 0/10
  3599 | D:4      | Noticed Natasha
  3609 | D:4      | Killed Natasha
  4239 | D:4      | Your scales start taking on a golden yellow colour.
  4239 | D:4      | Reached XP level 7. HP: 56/56 MP: 7/12
  4239 | D:4      | Gained mutation: You are resistant to acid. (rCorr) [Yellow
                  | Draconian growth]
  4378 | D:5      | Entered Level 5 of the Dungeon
  4548 | D:5      | Noticed Prince Ribbit
  4568 | D:5      | Killed Prince Ribbit
  4691 | D:6      | Learned a level 3 spell: Ozocubu's Armour
  4702 | D:5      | Reached skill level 1 in Ice Magic
  4728 | D:6      | Reached XP level 8. HP: 37/63 MP: 2/14
  4855 | D:5      | Noticed Ijyb
  4870 | D:6      | Killed Ijyb
  5291 | D:5      | Reached skill level 5 in Ice Magic
  5520 | D:5      | Noticed Dowan
  5525 | D:5      | Noticed Duvessa
  5535 | D:5      | Killed Duvessa
  5536 | D:5      | Reached skill level 1 in Evocations
  5536 | D:5      | Killed Dowan
  6228 | D:6      | Found a staircase to the Ecumenical Temple.
  6246 | Temple   | Entered the Ecumenical Temple
  6815 | Temple   | Became a worshipper of Vehumet
  6905 | D:6      | Reached skill level 5 in Spellcasting
  7141 | D:6      | Reached skill level 5 in Fighting
  7141 | D:6      | Reached XP level 9. HP: 40/74 MP: 4/16
  8576 | D:8      | Gained mutation: Potions are less effective at restoring
                  | your health. [potion of mutation]
  8576 | D:8      | Gained mutation: You have a pair of small horns on your
                  | head. [potion of mutation]
  8576 | D:8      | Gained mutation: Your skin changes colour to match your
                  | surroundings (Stealth+). [potion of mutation]
  8577 | D:8      | Lost mutation: Potions are less effective at restoring your
                  | health. [potion of mutation]
  8577 | D:8      | Lost mutation: You have a pair of small horns on your head.
                  | [potion of mutation]
  8577 | D:8      | Lost mutation: Your skin changes colour to match your
                  | surroundings (Stealth+). [potion of mutation]
  8577 | D:8      | Gained mutation: Your body sometimes deteriorates upon
                  | taking damage. [potion of mutation]
  8577 | D:8      | Gained mutation: You have hidden genetic potential. [potion
                  | of mutation]
  8577 | D:8      | Gained mutation: You have a somewhat thin skeletal
                  | structure. (Dex +2, Stealth+) [potion of mutation]
  8657 | D:8      | Noticed Maurice
  8660 | D:8      | Noticed a death yak
  8660 | D:8      | Noticed a death yak
  8660 | D:8      | Noticed a death yak
  8664 | D:8      | Noticed a death yak
  8664 | D:8      | Noticed a death yak
  8665 | D:8      | Noticed a death yak
  8764 | D:8      | HP: 2/74 [death yak (10)]
  8769 | D:8      | HP: 1/74 [death yak (7)]
  8770 | D:8      | Mangled by a death yak

Illustrated notes

Levels and vault maps discovered:
D:1:      scummos_arrival_checkerplants, layout_loops_corners, serial_shops,
          shop, ebering_ecumenical_altar_ruins
D:2:      layout_rooms
D:3:      layout_loops_ring, minmay_gold_behind_fungi
D:4:      layout_loops_corners, hangedman_glass_teeth, uniq_grinder,
          uniq_natasha
D:5:      layout_rooms, goddamned_bats, uniq_ijyb, uniq_prince_ribbit1,
          uniq_duvessa
D:6:      layout_basic, temple_green, serial_curves, eino_curves_02,
          eino_curves_01, nicolae_lava_and_water
D:7:      layout_loops_ring
D:8:      layout_loops_ring, dpeg_lair_monsters, minmay_misc_feat_ornament,
          uniq_joseph, uniq_maurice
Temple:   mainiacjoe_temple_starburst

Skill      XL: |  1  2  3  4  5  6  7  8  9 |
---------------+----------------------------+-----
Stealth        | 2 |  2.0
Dodging        | 2 3 |  3.0
Fighting       | 1 2 3 5 |  5.4
Translocations | 1 2 |  2.0
Spellcasting   | 3 4 5 |  5.0
Throwing       | 1 |  1.0
Conjurations   | 6 7 |  7.0
Ice Magic      | 3 6 7 |  7.0
Evocations     | 1 |  1.0

Action                   |  1- 3 |  4- 6 |  7- 9 || total
-------------------------+-------+-------+-------++-------
Melee: Dagger            |    49 |    72 |   172 ||   293
       Tailslap          |     6 |    11 |    24 ||    41
       Punch             |     1 |       |     4 ||     5
 Cast: Magic Dart        |    15 |       |     1 ||    16
       Searing Ray       |    18 |    14 |    23 ||    55
       Iskenderun's Myst |       |     2 |     8 ||    10
       Ozocubu's Armour  |       |       |     6 ||     6
 Abil: Breathe Acid      |       |       |     1 ||     1
Evoke: Wand              |       |       |     5 ||     5
  Use: Scroll            |     1 |     4 |     9 ||    14
       Potion            |       |       |    12 ||    12
 Stab: Sleeping          |     4 |     6 |     1 ||    11
Armor: Skin              |    14 |    28 |   131 ||   173
Dodge: Dodged            |    29 |    44 |   199 ||   272
Block: Other             |     5 |    18 |    57 ||    80
